2710 views
Uploaded 2020-03-06 14:26:15
Game version 1.32.2
3:50 long 3on3 ladder game on (8)Mur'gulOasis_LV
Saved by iggythefisk
2710 views
Uploaded 2020-03-06 14:26:15
Game version 1.32.2
3:50 long 3on3 ladder game on (8)Mur'gulOasis_LV


33 units @ 2.8k
/ 0k
21 buildings @ 2.6k
/ 0.7k
| Peasant | 7 | 525 | / | 0 |
| Footman | 4 | 540 | / | 0 |
| total: | 11 | 1065g | / | 0w |
| Scout Tower | 2 | 60 | / | 40 |
| Altar of Kings | 1 | 180 | / | 50 |
| Farm | 3 | 240 | / | 60 |
| Barracks | 1 | 160 | / | 60 |
| Lumber Mill | 1 | 120 | / | 0 |
| Blacksmith | 1 | 140 | / | 60 |
| total: | 9 | 900g | / | 270w |
| 0:04 | Altar of Kings |
| 0:06 | Peasant |
| 0:06 | Peasant |
| 0:06 | Peasant |
| 0:07 | Peasant |
| 0:25 | Farm |
| 0:38 | Barracks |
| 0:55 | Peasant |
| 1:12 | Farm |
| 1:23 | Lumber Mill |
| 1:28 | Peasant |
| 1:45 | Footman |
| 1:54 | Farm |
| 2:08 | Footman |
| 2:29 | Footman |
| 2:33 | Scout Tower |
| 2:34 | Scout Tower |
| 2:42 | Peasant |
| 2:46 | Footman |
| 2:53 | Blacksmith |
| Select | 36 |
| Right click | 16 |
| Build/train/purchase | 12 |

| Healing Salve | 1 | 100 |
| total: | 1 | 100g |
| Peon | 8 | 600 | / | 0 |
| total: | 8 | 600g | / | 0w |
| Altar of Storms | 1 | 180 | / | 50 |
| Orc Burrow | 2 | 320 | / | 80 |
| Voodoo Lounge | 1 | 130 | / | 30 |
| War Mill | 1 | 205 | / | 0 |
| Stronghold | 2 | 630 | / | 380 |
| total: | 5 | 835g | / | 160w |
| 0:06 | Altar of Storms |
| 0:09 | Orc Burrow |
| 0:11 | Peon |
| 0:12 | Peon |
| 0:14 | Peon |
| 0:36 | Peon |
| 0:45 | Peon |
| 0:51 | Peon |
| 1:22 | Peon |
| 1:30 | Voodoo Lounge |
| 1:32 | Peon |
| 2:18 | Stronghold |
| 2:23 | Wind Walk |
| 2:51 | Orc Burrow |
| 2:57 | War Mill |
| 3:21 | Healing Salve |
| Select | 21 |
| Right click | 18 |
| Build/train/purchase | 14 |
| Use ability | 1 |
| Peasant | 13 | 975 | / | 0 |
| Rifleman | 1 | 205 | / | 30 |
| total: | 14 | 1180g | / | 30w |
| Lumber Mill | 1 | 120 | / | 0 |
| Farm | 2 | 160 | / | 40 |
| Altar of Kings | 1 | 180 | / | 50 |
| Blacksmith | 1 | 140 | / | 60 |
| Barracks | 1 | 160 | / | 60 |
| Arcane Vault | 1 | 130 | / | 30 |
| total: | 7 | 890g | / | 240w |
| 0:02 | Peasant |
| 0:03 | Peasant |
| 0:10 | Lumber Mill |
| 0:15 | Peasant |
| 0:20 | Peasant |
| 0:28 | Peasant |
| 0:42 | Peasant |
| 0:49 | Farm |
| 0:53 | Peasant |
| 0:53 | Peasant |
| 1:21 | Altar of Kings |
| 1:23 | Blacksmith |
| 1:24 | Peasant |
| 1:34 | Barracks |
| 1:37 | Peasant |
| 1:47 | Farm |
| 1:51 | Peasant |
| 2:09 | Peasant |
| 2:31 | Peasant |
| 2:36 | Rifleman |
| 2:47 | Arcane Vault |
| Right click | 67 |
| Select | 38 |
| Chat | 30 |
| Build/train/purchase | 21 |
/ 0k
40 buildings @ 2.4k
/ 0.8k

| Peasant | 12 | 900 | / | 0 |
| total: | 12 | 900g | / | 0w |
| Scout Tower | 12 | 360 | / | 240 |
| Arcane Tower | 1 | 70 | / | 50 |
| Guard Tower | 4 | 280 | / | 200 |
| Altar of Kings | 1 | 180 | / | 50 |
| Farm | 2 | 160 | / | 40 |
| Lumber Mill | 1 | 120 | / | 0 |
| total: | 16 | 820g | / | 330w |
| 0:01 | Peasant |
| 0:03 | Altar of Kings |
| 0:13 | Peasant |
| 0:17 | Farm |
| 0:18 | Peasant |
| 0:25 | Peasant |
| 0:51 | Lumber Mill |
| 0:58 | Peasant |
| 1:07 | Peasant |
| 1:27 | Scout Tower |
| 1:31 | Peasant |
| 1:37 | Farm |
| 1:44 | Scout Tower |
| 1:47 | Peasant |
| 1:50 | Scout Tower |
| 1:55 | Peasant |
| 1:57 | Arcane Tower |
| 2:08 | Scout Tower |
| 2:11 | Scout Tower |
| 2:12 | Scout Tower |
| 2:16 | Peasant |
| 2:20 | Guard Tower |
| 2:20 | Guard Tower |
| 2:33 | Peasant |
| 2:47 | Blizzard |
| 3:05 | Guard Tower |
| 3:06 | Scout Tower |
| 3:07 | Scout Tower |
| 3:25 | Peasant |
| 3:30 | Scout Tower |
| 3:31 | Scout Tower |
| 3:32 | Scout Tower |
| 3:32 | Scout Tower |
| 3:33 | Guard Tower |
| Right click | 142 |
| Select | 53 |
| Select group | 38 |
| Assign group | 32 |
| Chat | 28 |
| Build/train/purchase | 23 |
| Use ability | 1 |

| Peasant | 15 | 1125 | / | 0 |
| total: | 15 | 1125g | / | 0w |
| Scout Tower | 7 | 210 | / | 140 |
| Arcane Tower | 1 | 70 | / | 50 |
| Guard Tower | 6 | 420 | / | 300 |
| Altar of Kings | 1 | 180 | / | 50 |
| Lumber Mill | 1 | 120 | / | 0 |
| Farm | 2 | 160 | / | 40 |
| Arcane Vault | 1 | 130 | / | 30 |
| total: | 12 | 800g | / | 260w |
| 0:03 | Peasant |
| 0:05 | Altar of Kings |
| 0:07 | Peasant |
| 0:19 | Lumber Mill |
| 0:20 | Peasant |
| 0:26 | Farm |
| 0:32 | Peasant |
| 0:55 | Scout Tower |
| 1:02 | Peasant |
| 1:06 | Farm |
| 1:17 | Peasant |
| 1:24 | Peasant |
| 1:27 | Arcane Tower |
| 1:35 | Peasant |
| 1:41 | Scout Tower |
| 1:53 | Scout Tower |
| 1:54 | Peasant |
| 2:08 | Blizzard |
| 2:10 | Guard Tower |
| 2:12 | Scout Tower |
| 2:14 | Peasant |
| 2:20 | Peasant |
| 2:22 | Guard Tower |
| 2:26 | Scout Tower |
| 2:31 | Peasant |
| 2:51 | Scout Tower |
| 2:51 | Guard Tower |
| 3:16 | Scout Tower |
| 3:17 | Guard Tower |
| 3:19 | Arcane Vault |
| 3:24 | Peasant |
| 3:24 | Peasant |
| 3:44 | Guard Tower |
| 3:50 | Peasant |
| Assign group | 264 |
| Right click | 239 |
| Select group | 73 |
| Select | 46 |
| Build/train/purchase | 28 |
| Chat | 8 |
| Use ability | 4 |
| Minimap ping | 2 |

| Peasant | 12 | 900 | / | 0 |
| total: | 12 | 900g | / | 0w |
| Scout Tower | 7 | 210 | / | 140 |
| Arcane Tower | 2 | 140 | / | 100 |
| Guard Tower | 6 | 420 | / | 300 |
| Altar of Kings | 1 | 180 | / | 50 |
| Farm | 2 | 160 | / | 40 |
| Lumber Mill | 1 | 120 | / | 0 |
| Arcane Vault | 1 | 130 | / | 30 |
| total: | 12 | 800g | / | 260w |
| 0:03 | Peasant |
| 0:03 | Peasant |
| 0:06 | Altar of Kings |
| 0:08 | Farm |
| 0:18 | Peasant |
| 0:28 | Peasant |
| 0:30 | Peasant |
| 0:53 | Farm |
| 1:00 | Scout Tower |
| 1:06 | Lumber Mill |
| 1:14 | Peasant |
| 1:26 | Arcane Tower |
| 1:28 | Scout Tower |
| 1:37 | Peasant |
| 1:38 | Peasant |
| 1:59 | Peasant |
| 2:02 | Scout Tower |
| 2:05 | Guard Tower |
| 2:12 | Peasant |
| 2:17 | Summon Water Elemental |
| 2:20 | Scout Tower |
| 2:28 | Guard Tower |
| 2:30 | Scout Tower |
| 2:52 | Arcane Vault |
| 2:53 | Guard Tower |
| 2:56 | Peasant |
| 2:56 | Peasant |
| 3:12 | Guard Tower |
| 3:15 | Improved Masonry |
| 3:47 | Scout Tower |
| 3:48 | Scout Tower |
| Right click | 207 |
| Select | 58 |
| Build/train/purchase | 49 |
| Select group | 40 |
| Misc. action | 11 |
| Minimap ping | 7 |
| Assign group | 5 |
⇛